 Dungeon Crawl Stone Soup version 0.24-a0-235-g3f03afc (webtiles) character file.

21 myga the Ducker (level 2, -5/28 HPs)
             Began as a Troll Warper on Dec 13, 2018.
             Slain by a worm (7 damage)
             ... on level 2 of the Dungeon on Apr 6, 2019.
             The game lasted 00:04:54 (1163 turns).

myga the Ducker (Troll Warper)                      Turns: 1163, Time: 00:04:55

Health: -5/28      AC:  5    Str: 18    XL:     2   Next: 65%
Magic:  0/12       EV: 10    Int:  9    God:
Gold:   38         SH:  0    Dex:  9    Spells: 3/3 levels left

rFire    . . .     SeeInvis .   a - +0 falchion
rCold    . . .     Gourm    +   (no shield)
rNeg     . . .     Faith    .   b - +0 robe
rPois    .         Spirit   +   (helmet restricted)
rElec    .         Reflect  .   o - scarf {Spirit}
rCorr    .         Harm     .   (gloves unavailable)
MR       .....                  (boots unavailable)
Stlth    +.........             (no amulet)
HPRegen  0.49/turn              g - ring of magical power
MPRegen  0.13/turn              (no ring)

@: no status effects
A: large, unfitting armour, claws 3, fast metabolism 3, gourmand, regeneration
1, shaggy fur 1, tough skin 2
a: no special abilities


You were on level 2 of the Dungeon.
You were hungry.

You visited 1 branch of the dungeon, and saw 2 of its levels.

You collected 38 gold pieces.

Inventory:

Hand Weapons
 a - a +0 falchion (weapon)
 c - a cursed +0 short sword
Missiles
 e - 5 tomahawks of dispersal (quivered)
 l - 94 stones
Armour
 b - a +0 robe (worn)
 h - a +1 helmet
 j - a +0 robe
 o - a scarf of spirit shield (worn)
 p - a +0 robe
Jewellery
 g - a ring of magical power (left claw)
Scrolls
 d - a scroll of blinking
 n - 3 scrolls of identify {unknown}
 q - a scroll of fog {unknown}
Potions
 i - a potion of haste {unknown}
 k - a potion of brilliance {unknown}
 m - a potion of agility {unknown}
Comestibles
 f - 4 rations


   Skills:
 + Level 2.0 Fighting
 + Level 1.6 Long Blades
 + Level 0.8 Throwing
 + Level 2.4 Dodging
 + Level 1.4 Spellcasting
   Level 2.1 Translocations


You had 3 spell levels left.
You didn't know any spells.
Your spell library contained the following spells:

 Spells                   Type           Power        Failure   Level  Hunger
 Blink                    Tloc           N/A          22%         2    ###....
 Shroud of Golubria       Chrm/Tloc      #.........   34%         2    ###....
 Gell's Gravitas          Tloc           #.........   41%         3    ####...
 Lesser Beckoning         Tloc           #.........   41%         3    ####...
 Teleport Other           Tloc           #.......     41%         3    ####...
 Passage of Golubria      Tloc           N/A          82%         4    #####..


Dungeon Overview and Level Annotations

Branches:
Dungeon (2/15)

Altars:


Innate Abilities, Weirdness & Mutations

You are too large for most types of armour.
You have claws for hands.
Your metabolism is lightning-fast.
You like to eat raw meat.
Your natural rate of healing is unusually fast.
You are covered in fur. (AC +1)
You have very tough skin. (AC +2)


Message History

* * * LOW HITPOINT WARNING * * *
The worm barely misses you. The worm bites you!
* * * LOW HITPOINT WARNING * * *
The worm bites you but does no damage. The worm bites you.
* * * LOW HITPOINT WARNING * * *
The worm bites you but does no damage. The worm closely misses you.
The worm closely misses you.
You riposte.
You hit the worm but do no damage. The worm bites you but does no damage.
The worm barely misses you. The worm barely misses you. The worm bites you.
The worm barely misses you. The worm barely misses you. The worm bites you!
* * * LOW HITPOINT WARNING * * *
The worm bites you!
You die...

#... #... #..# #.# #
#..# #.. . #..# ## #.# #
#.####..####..###.## #
..<....w...........# #
#@# #.# #..# # #.# #.#
#..##### #.# #.#
#.......
#.####.#####.###...###.
#......รท...........###.
#####..#####.......(...
#..# ######..#### #..#
####..#### #..#
#..(......


You could see a worm.

Vanquished Creatures
  2 oozes
  A leopard gecko (D:2)
  A giant cockroach (D:1)
  A goblin (D:1)
  2 hobgoblins (D:1)
  2 bats
  A frilled lizard (D:1)
  2 rats
12 creatures vanquished.

Notes
Turn   | Place    | Note
-------+----------+-------------------------------------------
     0 | D:1      | myga the Troll Warper began the quest for the Orb.
     0 | D:1      | Reached XP level 1. HP: 19/19 MP: 1/1
   171 | D:1      | Reached XP level 2. HP: 25/28 MP: 2/2
   893 | D:2      | Upgraded the game from 0.23-a0-565-g3e74e4c to
                  | 0.24-a0-235-g3f03afc
  1141 | D:2      | HP: 1/28 [worm (8)]
  1161 | D:2      | HP: 1/28 [worm (8)]
  1163 | D:2      | Slain by a worm

Levels and vault maps discovered:
D:1:      dpeg_arrival_houses_and_road, minmay_tree_intersection,
          palyth_stone_intersect
D:2:      first_ration

Skill      XL: |  1  2 |
---------------+-------+-----
Dodging        | 2 |  2.4
Fighting       | 2 |  2.0
Long Blades    | |  1.6
Throwing       | |  0.8
Spellcasting   | |  1.4
Translocations | |  2.1

Action                   || total
-------------------------++-------
Melee: Falchion          ||    26
  Eat: Chunk             ||     7
Armor: Robe              ||    66
Dodge: Dodged            ||    79
       Rpst.: Falchion   ||    25

Table legend:
 A = Non-vault XP
 B = Vault XP
 C = Vault XP percentage of total XP
 D = Non-vault monster count
 E = Vault monster count
 F = Vault count percentage of total count
                 A         B        C        D         E       F
            +---------+---------+-------+---------+---------+-------
      Total |      31 |       0 |   0.0 |      12 |       0 |   0.0
            +---------+---------+-------+---------+---------+-------
        D:1 |      18 |       0 |   0.0 |       8 |       0 |   0.0
        D:2 |      13 |       0 |   0.0 |       4 |       0 |   0.0
            +---------+---------+-------+---------+---------+-------
